 Dungeon Crawl Stone Soup version 0.30.1-9-gdf580d7c3d (webtiles) character file.

Game seed: 5463801260288791009

2841 tkbsonic5 the Magician (level 10, -11/73 HPs)
             Began as a Djinni Fire Elementalist on Oct 21, 2023.
             Was a Believer of Uskayaw.
             Mangled by Joseph
             ... wielding a +0 quarterstaff
              (15 damage)
             ... while paralysed by Joseph
             ... on level 8 of the Dungeon.
             The game lasted 00:31:05 (6946 turns).

tkbsonic5 the Magician (Djinni Fire Elementalist)   Turns: 6946, Time: 00:31:06

Health: -11/73     AC:  8    Str:  7    XL:     10   Next: 3%
Gold:   247        EV:  2    Int: 20    God:    Uskayaw [**....] SH:  0 Dex: 15

rFire   + + .        j - +8 dagger (drain) {Amelia :)}
rCold   x . .        (no shield)
rNeg    . . .        a - +0 robe
rPois   ∞            (no helmet)
rElec   .            q - +1 cloak {rCorr}
rCorr   +            (no gloves)
SInv    .            (boots unavailable)
Will    +....        (no amulet)
Stlth   ++           r - +4 ring of slaying
HPRegen 0.32/turn    m - +4 ring of protection
MPRegen 0.00/turn

%: infuse magic (-12 HP)
@: paralysed, mighty, flying
A: sickness immunity, fire resistance 2, cold vulnerability 1, float, innate
caster, HP casting, extra vitality 1
a: Renounce Religion, Stomp, Line Pass


You were on level 8 of the Dungeon.
You worshipped Uskayaw.
Uskayaw was noncommittal.
You visited 2 branches of the dungeon, and saw 9 of its levels.

You collected 461 gold pieces.
You spent 214 gold pieces at shops.

Inventory:

Hand Weapons
 f - a +0 heavy hand axe
 j - a +8 dagger of draining (weapon) {Amelia :)}
Missiles
 h - 18 poisoned darts
Armour
 a - a +0 robe (worn)
 q - a +1 cloak of preservation (worn)
Jewellery
 c - a ring of resist corrosion
 g - the ring of Modesty {rPois rC+ Str+3 Int+3 Dex+3}
   (You took it off an orc on level 4 of the Dungeon)

   [ring of poison resistance]

   Str:       It affects your strength (+3).
   Int:       It affects your intelligence (+3).
   Dex:       It affects your dexterity (+3).
   rC:        It protects you from cold.
   rPois:     It protects you from poison.
 l - a +6 ring of intelligence
 m - a +4 ring of protection (right hand)
 p - a ring of protection from cold
 r - a +4 ring of slaying (left hand)
Scrolls
 e - a scroll of silence {unknown}
 k - 3 scrolls of fog {unknown}
 n - 3 scrolls of teleportation
Potions
 b - a potion of might
 d - 2 potions of attraction
 i - a potion of mutation {unknown}


   Skills:
 * Level 6.5 Fighting
 * Level 4.4 Short Blades
 * Level 3.4 Dodging
 + Level 2.2 Stealth
 * Level 7.6 Spellcasting
 + Level 1.3 Invocations


You knew the following spells:

 Your Spells              Type           Power      Damage    Failure   Level
a - Foxfire               Conj/Fire      100%       2x1d9     1%          1
b - Scorch                Fire           76%        2d8       1%          2
c - Volatile Blastmotes   Fire/Tloc      76%        2d16      1%          3
d - Inner Flame           Hex/Fire       38%        N/A       1%          3
e - Flame Wave            Conj/Fire      38%        2d10      3%          4
f - Sting                 Tmut/Pois      100%       1d8       1%          1
g - Static Discharge      Conj/Air       76%        2-6/arc   1%          2
h - Ignite Poison         Fire/Tmut/Pois 38%        N/A       1%          3
i - Leda's Liquefaction   Hex/Erth       19%        N/A       3%          4
Your spell library was empty.

Dungeon Overview and Level Annotations

Branches:
Dungeon (8/15)             Temple (1/1) D:4
   Lair: D:8-11

Altars:
Ashenzari
Cheibriados
Dithmenos
Elyvilon
Gozag
Hepliaklqana
Makhleb
Nemelex Xobeh
Okawaru
Qazlal
Ru
Trog
Uskayaw
Wu Jian
Xom
Yredelemnul
Zin
The Shining One

Shops:
D:7 [

Annotations:
D:8 Joseph


Innate Abilities, Weirdness & Mutations

You are immune to sickness and miasma.
You are immune to poison.
Your flesh is very heat resistant. (rF++)
You are vulnerable to cold. (rC-)
You float through the air rather than walking.
You learn spells naturally, not from books.
Your magical power is your life essence.
You have superior vitality. (+4 MHP)


Message History

Press: ? - help, Dir - look around, f - activate A wave of flame ripples out!
The flame wave engulfs the howler monkey!
The howler monkey is almost dead.
The flame wave engulfs the howler monkey!
You kill the howler monkey! (Press . to intensify the flame waves.)
The howler monkey hits you but does no damage.
You can now pass through a line of other dancers.
Flames lash the howler monkey.
You kill the howler monkey!
The centaur shoots an arrow.
The arrow closely misses you.
The centaur shoots an arrow.
The arrow hits you! Joseph hits you with a +0 quarterstaff!
You feel very mighty all of a sudden. Joseph closely misses you.
You puncture Joseph! You drain Joseph.
Joseph is moderately wounded.
The centaur shoots an arrow.
The arrow barely misses you. Joseph hits you but does no damage.
You hit Joseph.
Joseph is moderately wounded.
The centaur shoots an arrow.
The arrow closely misses you. Joseph hits you with a +0 quarterstaff!
The centaur shoots an arrow.
The arrow hits you!
Unknown command.
You feel better.
The centaur shoots an arrow.
The arrow hits you!
Joseph says, "I've waited for this moment for such a long time."
Joseph zaps a wand.
You suddenly lose the ability to move!
The centaur shoots an arrow.
The arrow completely misses you.
Joseph zaps a wand.
You easily resist.
The centaur shoots an arrow.
The arrow hits you!
* * * LOW HITPOINT WARNING * * *
The centaur shoots an arrow.
The arrow barely misses you. Joseph hits you with a +0 quarterstaff!
* * * LOW HITPOINT WARNING * * *
The centaur shoots an arrow.
The arrow hits you!
* * * LOW HITPOINT WARNING * * *
Joseph hits you with a +0 quarterstaff!
You die...

##### ### ...<###.###
.....#....#### ######
#..........#.## .....#.
##............# .......
###.......#..###@......
#..#.....##..##@#
#......#.##....†#
#..##....#..........#
... #..........c......
.... .........#........
..........##...###.
.............#
........#..###
...####.# ..


You could see Joseph (drained) and a centaur.

Vanquished Creatures
  A wyvern (D:7)
  3 sky beasts
  A water moccasin (D:6)
  An ice beast (D:5)
  2 black bears
  4 ogres
  A centaur (D:7)
  3 phantoms
  A kobold brigand (D:7)
  5 scorpions
  3 howler monkeys
  A crimson imp (D:6)
  A jelly (D:5)
  10 hounds
  An orc priest (D:6)
  Terence (D:2)
  2 iguanas (D:5)
  A sleepcap (D:5)
  6 orc wizards
  2 gnolls (D:1)
  12 adders
  A white imp (D:6)
  4 ufetubi
  2 worms
  5 dart slugs
  12 orcs
  7 bats
  8 endoplasms
  3 giant cockroaches
  11 goblins
  6 hobgoblins
  5 quokkas
  8 ball pythons
  4 frilled lizards
  13 kobolds
  4 rats
155 creatures vanquished.

Vanquished Creatures (collateral kills)
  2 foxfires (D:1)
2 creatures vanquished.

Vanquished Creatures (others)
  403 foxfires
403 creatures vanquished.

Grand Total: 560 creatures vanquished

Notes
Turn   | Place    | Note
-------+----------+-------------------------------------------
     0 | D:1      | tkbsonic5 the Djinni Fire Elementalist began the quest for
                  | the Orb.
     0 | D:1      | tkbsonic5 set off with the following spells memorised:
                  | Foxfire, Scorch, Volatile Blastmotes, Inner Flame, Flame
                  | Wave.
     0 | D:1      | Reached XP level 1. HP: 15/15 MP: 0/0
    36 | D:1      | Reached XP level 2. HP: 13/21 MP: 0/0
    71 | D:1      | Reached skill level 3 in Spellcasting
   211 | D:1      | Reached XP level 3. HP: 19/25 MP: 0/0
   211 | D:1      | Learned a level 1 spell: Sting
   599 | D:1      | Reached XP level 4. HP: 30/31 MP: 0/0
  1177 | D:2      | Noticed Terence
  1187 | D:2      | Killed Terence
  1188 | D:2      | Reached skill level 4 in Spellcasting
  1244 | D:2      | Reached XP level 5. HP: 17/35 MP: 0/0
  1244 | D:2      | Learned a level 2 spell: Static Discharge
  2019 | D:3      | Found an ornate altar of the Wu Jian Council.
  2094 | D:3      | Found a faded altar of an unknown god.
  2180 | D:3      | Noticed an ogre
  2190 | D:3      | Killed an ogre
  2191 | D:3      | Reached skill level 5 in Spellcasting
  2191 | D:3      | Reached XP level 6. HP: 27/40 MP: 0/0
  2529 | D:4      | Reached XP level 7. HP: 36/46 MP: 0/0
  2529 | D:4      | Learned a level 3 spell: Ignite Poison
  2587 | D:4      | Identified the ring of Modesty {rPois rC+ Str+3 Int+3
                  | Dex+3}
  2601 | D:4      | Reached skill level 1 in Fighting
  2660 | D:4      | Found a staircase to the Ecumenical Temple.
  2796 | D:4      | Reached skill level 1 in Short Blades
  3111 | Temple   | Entered the Ecumenical Temple
  3198 | Temple   | Became a worshipper of Uskayaw the Reveller
  3384 | D:5      | Entered Level 5 of the Dungeon
  3389 | D:5      | Reached * piety under Uskayaw
  3392 | D:5      | Reached skill level 6 in Spellcasting
  3489 | D:5      | Reached ** piety under Uskayaw
  3528 | D:5      | Reached XP level 8. HP: 47/56 MP: 0/0
  3829 | D:5      | Reached *** piety under Uskayaw
  3831 | D:5      | Reached **** piety under Uskayaw
  4739 | D:6      | Reached skill level 5 in Fighting
  4739 | D:6      | Reached XP level 9. HP: 55/65 MP: 0/0
  4739 | D:6      | Learned a level 4 spell: Leda's Liquefaction
  4810 | D:6      | Reached skill level 7 in Spellcasting
  4930 | D:6      | Found a stormy altar of Qazlal.
  4938 | D:6      | HP: 2/65 [orc wizard/magic dart (5)]
  5271 | D:6      | HP: 3/66 [orc wizard/puff of flame (3)]
  5973 | D:6      | Found a sacrificial altar of Ru.
  6337 | D:6      | Found a burning altar of Makhleb.
  6774 | D:7      | Reached skill level 1 in Invocations
  6848 | D:7      | Found Ysufiur's Armour Shoppe.
  6866 | D:7      | Bought a +1 cloak of preservation for 214 gold pieces
  6917 | D:7      | Reached XP level 10. HP: 73/73 MP: 0/0
  6934 | D:8      | Noticed Joseph
  6943 | D:8      | Paralysed by Joseph for 4 turns
  6946 | D:8      | Mangled by Joseph

Illustrated notes

Levels and vault maps discovered:
D:1:      dpeg_arrival_short_road, layout_basic, nicolae_grassy_gnolls
D:2:      layout_basic, uniq_terence
D:3:      layout_rooms, lemuel_crystal_altar,
          shapermc_ecumenical_altar_starsandcircs
D:4:      layout_rooms, kennysheep_orc_sif_temple,
          minmay_temple_entry_statues_fountains
D:5:      layout_loops_corners, serial_bayou, serial_bayou_pond_b,
          serial_bayou_pond_e, serial_bayou_crossing, serial_bayou_ford_a,
          grunt_ministairs_15, hangedman_minor_gate_pass
D:6:      layout_basic, makhleb_grotto_becter, nicolae_qazlal_style_of_elements,
          nicolae_ru_sacrificial_ziggurat
D:7:      layout_gridville, serial_shops, shop
D:8:      layout_cave_pools, dpeg_lair_monsters, uniq_joseph
Temple:   nicolae_temple_bog_church

Skill      XL: |  1  2  3  4  5  6  7  8  9 |
---------------+----------------------------+-----
Spellcasting   | 3 4 5 6 7 |  7.6
Fighting       | 3 5 6 |  6.5
Short Blades   | 1 3 4 |  4.4
Dodging        | 3 |  3.4
Stealth        | 2 |  2.2
Invocations    | 1 |  1.3

Action                     |  1- 3 |  4- 6 |  7- 9 | 10-12 || total
---------------------------+-------+-------+-------+-------++-------
  Melee: Dagger            |       |     3 |    19 |     4 ||    26
   Cast: Foxfire           |    78 |    77 |   105 |       ||   260
         Scorch            |       |    42 |    60 |     1 ||   103
         Volatile Blastmot |       |     3 |     8 |       ||    11
         Sting             |       |     3 |       |       ||     3
         Flame Wave        |       |       |     3 |     1 ||     4
         Leda's Liquefacti |       |       |     1 |       ||     1
 Invoke: Stomp             |       |       |     2 |       ||     2
    Use: Scroll            |       |    11 |     8 |       ||    19
         Potion            |       |     1 |     2 |     2 ||     5
   Stab: Sleeping          |       |       |     3 |       ||     3
 Armour: Robe              |     3 |     3 |     9 |     3 ||    18
  Dodge: Dodged            |     4 |    20 |    33 |     9 ||    66
